 Dungeon Crawl Stone Soup version 0.19.5 (webtiles) character file.

216 ghjk the Chopper (level 5, 0/45 HPs)
             Began as a Minotaur Fighter on Apr 25, 2017.
             Slain by Grinder (3 damage)
             ... on level 3 of the Dungeon.
             The game lasted 00:03:16 (2100 turns).

ghjk the Chopper (Minotaur Fighter)                 Turns: 2100, Time: 00:03:17

Health: 0/45       AC:  7    Str: 26    XL:     5   Next: 61%
Magic:  4/4        EV:  7    Int:  7    God:
Gold:   113        SH: 10    Dex: 10    Spells: 0 memorised, 4 levels left

rFire  . . .     SeeInvis .     a - +0 war axe
rCold  . . .     Gourm    .     b - +0 scale mail
rNeg   . . .     Faith    .     c - +0 shield
rPois  .         Spirit   .     (helmet restricted)
rElec  .         Reflect  .     (no cloak)
rCorr  .         Harm     .     (no gloves)
MR     .....                    (no boots)
Stlth  ..........               (no amulet)
                                (no ring)
                                (no ring)

@: mighty
A: retaliatory headbutt, horns 2, clever 1, wild magic 1
a: no special abilities


You were on level 3 of the Dungeon.
You were very hungry.

You visited 1 branch of the dungeon, and saw 3 of its levels.

You collected 113 gold pieces.

Inventory:

Hand Weapons
 a - a +0 war axe (weapon)
Armour
 b - a +0 scale mail (worn)
 c - a +0 shield (worn)
Wands
 p - a wand of digging (16/24)
Scrolls
 e - 5 scrolls of teleportation
 j - a scroll of identify
 m - 3 scrolls of remove curse
Potions
 g - a potion of curing
 k - a potion of agility
 o - a potion of invisibility
Comestibles
 f - 2 bread rations
 i - a meat ration
 l - a slice of pizza
 n - 2 beef jerkies


   Skills:
 + Level 3.6 Fighting
 + Level 7.1 Axes
 + Level 3.7 Armour
 - Level 3.6 Shields


You had 4 spell levels left.
You didn't know any spells.

Dungeon Overview and Level Annotations

Branches:
Dungeon (3/15)

Altars:
Kikubaaqudgha

Annotations:
D:3 Grinder


Innate Abilities, Weirdness & Mutations

You reflexively headbutt those who attack you in melee.
You have a pair of horns on your head.
Your mind is acute. (Int +2)
Your spells are a little harder to cast, but a little more powerful.


Message History

* * * LOW HITPOINT WARNING * * *
You are too injured to fight recklessly!
Unknown command.
You are too injured to fight recklessly!
Unknown command.
You are too injured to fight recklessly!
Unknown command.
You are too injured to fight recklessly!
You hit Grinder but do no damage.
Grinder is lightly wounded.
Grinder hits you but does no damage.
You slash Grinder! Your headbutt misses Grinder.
Grinder is heavily wounded.
Grinder gestures at you. You resist with significant effort.
You feel very mighty all of a sudden. Grinder hits you.
* * * LOW HITPOINT WARNING * * *
You writhe in agony.
You die...

###########.#
#...........##
#.#######....##
#####.....###.#...#
#.................#
#...........#...#.# ###
########....######## #..
.....##...........# #.#
##.#.5@<.(.#####.####.#
.......)...............#
..................>.....
#####.####.#....#.####.#
#. #...'....#.# #.. #.
#.#.#....#.# #.# #.
#.#<....##.# #.#
##.#.#)..##.# #..
#........##.#####.


You could see Grinder.

Vanquished Creatures
  Natasha (twice) (D:2)
  A gnoll (D:3)
  9 adders
  An ooze (D:2)
  A worm (D:3)
  A dart slug (D:1)
  2 leopard geckos
  2 bat zombies (D:2)
  3 giant cockroaches
  9 goblins
  9 hobgoblins
  3 jackals (D:1)
  A quokka (D:3)
  11 bats
  6 frilled lizards
  A kobold (D:3)
  3 rats
  2 rat zombies (D:2)
67 creatures vanquished.

Notes
Turn   | Place    | Note
-------+----------+-------------------------------------------
     0 | D:1      | ghjk the Minotaur Fighter began the quest for the Orb.
     0 | D:1      | Reached XP level 1. HP: 19/19 MP: 0/0
    82 | D:1      | Reached skill level 3 in Axes
   170 | D:1      | Reached XP level 2. HP: 26/26 MP: 1/1
   438 | D:1      | Reached skill level 4 in Axes
   662 | D:2      | Reached XP level 3. HP: 30/31 MP: 2/2
   867 | D:2      | Reached skill level 5 in Axes
  1029 | D:2      | Reached XP level 4. HP: 33/39 MP: 3/3
  1123 | D:2      | Noticed Natasha
  1131 | D:2      | Killed Natasha
  1270 | D:2      | Reached skill level 6 in Axes
  1470 | D:2      | Noticed Natasha
  1475 | D:2      | Killed Natasha
  1475 | D:2      | Reached XP level 5. HP: 40/45 MP: 4/4
  1528 | D:2      | Found an ancient bone altar of Kikubaaqudgha.
  1598 | D:3      | Noticed Grinder
  1655 | D:3      | Gained mutation: Your spells are a little harder to cast, but a little more powerful. [potion of beneficial mutation]
  1656 | D:3      | Gained mutation: Your mind is acute. (Int +2) [potion of beneficial mutation]
  1838 | D:3      | Reached skill level 7 in Axes
  2089 | D:3      | Paralysed by Grinder for 5 turns
  2100 | D:3      | Slain by Grinder

Skill      XL: |  1  2  3  4  5 |
---------------+----------------+-----
Axes           | 3 4 5 6 7 |  7.1
Fighting       | |  3.6
Armour         | |  3.7
Shields        | |  3.6

Action                   |  1- 3 |  4- 6 || total
-------------------------+-------+-------++-------
Melee: War axe           |    81 |    96 ||   177
       Headbutt          |     9 |    16 ||    25
  Use: Scroll            |       |     8 ||     8
       Potion            |       |     3 ||     3
  Eat: Chunk             |       |     3 ||     3
Armor: Scale mail        |    42 |    36 ||    78
Dodge: Dodged            |    24 |    25 ||    49
Block: Shield            |    45 |    51 ||    96
